 Dungeon Crawl Stone Soup version 0.23.1 (webtiles) character file.

Game seed: 6974842661506489063

184 Borgoz the Ducker (level 5, -4/38 HPs)
             Began as a Ghoul Enchanter on Mar 5, 2019.
             Slain by Sigmund
             ... wielding a +0 scythe
              (8 damage)
             ... on level 4 of the Dungeon.
             The game lasted 00:08:06 (4037 turns).

Borgoz the Ducker (Ghoul Enchanter)                 Turns: 4037, Time: 00:08:06

Health: -4/38      AC:  6    Str: 12    XL:     5   Next: 64%
Magic:  2/7        EV: 18    Int: 16    God:
Gold:   218        SH:  0    Dex: 14    Spells: 5/8 levels left

rFire    . . .     SeeInvis .   b - +0 rapier
rCold    + . .     Gourm    .   (no shield)
rNeg     + + +     Faith    .   j - +0 leather armour
rPois    ∞         Spirit   .   (no helmet)
rElec    .         Reflect  .   r - +1 cloak
rCorr    .         Harm     .   s - +0 pair of gloves
MR       .....                  (no boots)
Stlth    +++.......             (no amulet)
HPRegen  0.00/turn              (no ring)
MPRegen  0.10/turn              (no ring)

@: brilliant, agile, flying, rotting
A: rotting body, claws 1, carnivore, cold resistance 1, negative energy
resistance 3, inhibited regeneration, torment resistance, unbreathing
a: no special abilities


You were on level 4 of the Dungeon.
You were not hungry.

You visited 1 branch of the dungeon, and saw 4 of its levels.

You collected 218 gold pieces.

Inventory:

Hand Weapons
 a - a +0 antimagic dagger
 b - a +0 rapier (weapon)
Missiles
 f - 5 tomahawks (quivered)
Armour
 j - a +0 leather armour (worn)
 r - a +1 cloak (worn)
 s - a +0 pair of gloves (worn)
Wands
 t - a wand of paralysis (7)
Scrolls
 g - 3 scrolls of remove curse
 i - 2 scrolls of amnesia {unknown}
 l - a scroll of teleportation {unknown}
 m - a scroll of blinking {unknown}
 o - a scroll of magic mapping {unknown}
 p - a scroll of enchant weapon {unknown}
 u - a scroll of fear
 v - a scroll of enchant armour {unknown}
 w - 4 scrolls of identify {unknown}
 x - a scroll of immolation {unknown}
Potions
 h - 2 potions of agility
Comestibles
 d - 5 rations


   Skills:
 + Level 2.8 Short Blades
 + Level 1.7 Armour
 + Level 3.3 Dodging
 - Level 3.2 Stealth
 + Level 2.1 Spellcasting
 - Level 2.4 Hexes


You had 5 spell levels left.
You knew the following spells:

 Your Spells              Type           Power        Failure   Level  Hunger
a - Corona                Hex            ###....      1%          1    #......
b - Ensorcelled Hibernat  Hex/Ice        ###...       3%          2    ###....

Your spell library contained the following spells:

 Spells                   Type           Power        Failure   Level  Hunger
 Confuse                  Hex            ###.....     3%          3    ###....
 Tukima's Dance           Hex            ###.....     3%          3    ###....
 Dazzling Spray           Conj/Hex       ###...       5%          3    ###....


Dungeon Overview and Level Annotations

Branches:
Dungeon (4/15)
 Temple: D:4-7

Altars:
Trog

Annotations:
D:4 Sigmund


Innate Abilities, Weirdness & Mutations

Your body is rotting away.
You thrive on raw meat.
You are immune to poison.
You have sharp fingernails.
You are carnivorous and can eat meat at any time.
Your flesh is cold resistant. (rC+)
You are immune to negative energy. (rN+++)
You do not regenerate when monsters are visible.
You are immune to unholy pain and torment.
You can survive without breathing.


Message History

Sigmund is almost dead.
Sigmund points at you and mumbles some strange words.
The magic dart hits you.
Sigmund points at you and mumbles some strange words.
You resist with some effort.
Okay, then.
You bump into the rock wall.
Sigmund casts a spell at you. The puff of flame hits you!
* * * LOW HITPOINT WARNING * * *
Okay, then.
You bump into the rock wall.
Sigmund closely misses you.
Sigmund mumbles some strange words.
Sigmund flickers and vanishes!
Deactivating autopickup; reactivate with Ctrl-A.
You see here a quokka corpse.
You butcher the quokka corpse.
You feel less confused. Something hits you!
You die...

##### ....# ....#
########....#
##########......@{...#
......÷....########.##
############ #####
....# .##.####
.##....### .#
.#####...###########.#
.# ###[..........#.#


There were no monsters in sight!

Vanquished Creatures
  Natasha (D:2)
  Robin (D:2)
  4 adders
  2 worms (D:2)
  5 dart slugs
  3 leopard geckos
  2 orcs (D:4)
  10 bats
  12 giant cockroaches
  15 goblins
  7 hobgoblins
  2 jackals (D:1)
  6 kobolds
  4 quokkas
  6 frilled lizards
  A quokka skeleton (D:4)
  11 rats
92 creatures vanquished.

Vanquished Creatures (others)
  4 toadstools (D:4)
4 creatures vanquished.

Grand Total: 96 creatures vanquished

Notes
Turn   | Place    | Note
-------+----------+-------------------------------------------
     0 | D:1      | Borgoz the Ghoul Enchanter began the quest for the Orb.
     0 | D:1      | Reached XP level 1. HP: 14/14 MP: 2/2
    39 | D:1      | Reached skill level 1 in Short Blades
   293 | D:1      | Reached XP level 2. HP: 5/20 MP: 3/3
   667 | D:1      | Reached XP level 3. HP: 26/26 MP: 4/4
  1306 | D:2      | Learned a level 2 spell: Ensorcelled Hibernation
  1895 | D:2      | Noticed Natasha
  2128 | D:2      | Killed Natasha
  2128 | D:2      | Reached XP level 4. HP: 33/33 MP: 2/5
  2272 | D:3      | Reached skill level 1 in Armour
  2801 | D:3      | Reached XP level 5. HP: 38/38 MP: 6/6
  3147 | D:4      | Noticed Sigmund
  3221 | D:2      | Noticed Robin
  3315 | D:2      | Killed Robin
  3794 | D:4      | Found a bloodstained altar of Trog.
  4037 | D:4      | Slain by Sigmund

Skill      XL: |  1  2  3  4  5 |
---------------+----------------+-----
Short Blades   | 1 2 |  2.8
Dodging        | 2 3 |  3.3
Armour         | 1 |  1.7
Spellcasting   | 2 |  2.1
Stealth        | |  3.2
Hexes          | |  2.4

Action                   |  1- 3 |  4- 6 || total
-------------------------+-------+-------++-------
Melee: Dagger            |   159 |   256 ||   415
       Rapier            |       |    20 ||    20
 Cast: Corona            |     2 |       ||     2
       Ensorcelled Hiber |     3 |     4 ||     7
  Use: Scroll            |       |     2 ||     2
       Potion            |       |     8 ||     8
 Stab: Sleeping          |     4 |     6 ||    10
  Eat: Chunk             |    10 |    18 ||    28
Armor: Robe              |    15 |       ||    15
       Leather armour    |    28 |    82 ||   110
Dodge: Dodged            |    99 |   172 ||   271
